Rockets vs Comets
Created - November 7, 2025 at 19:19
Goals
|
| Rockets |
0 |
2 |
0 |
2 |
| Comets |
3 |
1 |
0 |
4 |
|
Shots
|
| Rockets |
11 |
9 |
6 |
26 |
| Comets |
14 |
14 |
4 |
32 |
|
1st period
1. Comets , Wyatt Kalynuk 1 (Brett Seney 1, Conor Garland 1) at 3:28
2. Comets , Kailer Yamamoto 1 (Filip Roos 1, Brett Howden 1) at 10:48
3. Comets , Brett Howden 1 (Alexandre Texier 1, Kailer Yamamoto 1) at 15:49
Penalties :
No Penalty
2nd period
4. Comets , Alexandre Texier 1 (Kailer Yamamoto 2, Brett Howden 2) at 3:42
5. Rockets , Lucas Raymond 1 (Jesperi Kotkaniemi 1) at 5:11
6. Rockets , Trevor Zegras 1 (Jake Evans 1) at 8:35
Penalties :
Thomas Harley (Lav) for Tripping (Minor) at 14:49
3rd period
No Goal
Penalties :
Jake Bean (Uti) for Unsportsmanlike conduct (Major / Game Misconduct) at 1:07
Goalie Stats
Connor Hellebyuk (Lav), 28 saves from 32 shots - (0.875), L, 0-1-0, 60:00 minutes
Ukko-Pekka Luukkonen (Uti), 24 saves from 26 shots - (0.923), W, 1-0-0, 60:00 minutes
Players Stats for Rockets
Player Name G A P +/- PIM S H SB GA TA FO MP PP MP PK MP
------------------------------------------------------------------------------------
0 0 0 0 0 0 0 0 0 0 0/0 0:00 0:00 0:00
0 0 0 0 0 0 0 0 0 0 0/0 0:00 0:00 0:00
0 0 0 0 0 0 0 0 0 0 0/0 0:00 0:00 0:00
0 0 0 0 0 0 0 0 0 0 0/0 0:00 0:00 0:00
0 0 0 0 0 0 0 0 0 0 0/0 0:00 0:00 0:00
0 0 0 0 0 0 0 0 0 0 0/0 0:00 0:00 0:00
Alex Newhook 0 0 0 -1 0 1 2 1 0 0 0/0 13:02 1:39 0:00
Anders Bjork 0 0 0 0 0 4 1 0 0 0 1/5 12:03 1:12 0:58
Arber Xhekaj 0 0 0 -2 0 0 0 0 0 0 0/0 15:01 0:00 0:39
Cole Caufield 0 0 0 -1 0 1 2 0 1 0 0/1 19:15 2:02 0:00
Dennis Gilbert 0 0 0 -2 0 0 0 0 0 0 0/0 7:22 0:36 1:20
Jake Evans 0 1 1 -1 0 2 0 1 0 1 9/18 17:44 0:00 0:16
Jayden Struble 0 0 0 0 0 0 0 0 0 0 0/0 9:54 0:00 0:00
Jesperi Kotkaniemi 0 1 1 0 0 0 1 1 1 1 9/17 16:00 0:34 0:58
John-Jason Peterka 0 0 0 0 0 0 0 0 0 0 0/0 11:21 1:42 0:00
Kaiden Guhle 0 0 0 0 0 3 2 1 0 1 0/0 20:20 0:36 0:00
Kirby Dach 0 0 0 -1 0 0 2 1 0 0 2/4 12:24 0:54 0:00
Lucas Raymond 1 0 1 0 0 5 1 0 0 0 0/1 17:39 2:14 0:45
Martin Fehervary 0 0 0 0 0 1 1 0 1 0 0/0 21:51 2:09 0:39
Mason Appleton 0 0 0 -1 0 1 0 0 1 3 0/1 13:20 1:39 0:16
Matthew Rempe 0 0 0 0 0 0 4 0 0 0 0/0 10:51 1:09 0:00
Noah Dobson 0 0 0 0 0 1 2 2 0 2 0/0 22:23 2:09 1:20
Robert Thomas 0 0 0 0 0 2 1 0 1 1 2/2 16:38 2:02 0:00
Thomas Harley 0 0 0 0 2 0 1 0 0 0 0/0 20:52 2:14 0:00
Trevor Zegras 1 0 1 -1 0 5 0 0 0 1 0/0 20:00 2:04 0:45
Players Stats for Comets
Player Name G A P +/- PIM S H SB GA TA FO MP PP MP PK MP
------------------------------------------------------------------------------------
0 0 0 0 0 0 0 0 0 0 0/0 0:00 0:00 0:00
0 0 0 0 0 0 0 0 0 0 0/0 0:00 0:00 0:00
0 0 0 0 0 0 0 0 0 0 0/0 0:00 0:00 0:00
0 0 0 0 0 0 0 0 0 0 0/0 0:00 0:00 0:00
0 0 0 0 0 0 0 0 0 0 0/0 0:00 0:00 0:00
0 0 0 0 0 0 0 0 0 0 0/0 0:00 0:00 0:00
Alex Turcotte 0 0 0 0 0 0 2 0 0 0 0/0 8:30 0:00 0:00
Alexandre Texier 1 1 2 2 0 2 1 0 1 0 4/4 16:49 0:54 1:32
Ben Meehan 0 0 0 0 0 0 0 0 0 0 0/0 8:42 0:00 0:41
Brett Howden 1 2 3 2 0 3 3 0 1 0 7/14 17:18 0:54 2:01
Brett Seney 0 1 1 0 0 3 0 2 1 0 9/23 20:39 1:05 1:31
Christian Wolanin 0 0 0 -1 0 1 1 4 1 0 0/0 24:44 1:01 1:31
Conor Garland 0 1 1 0 0 5 2 0 0 0 1/1 20:05 1:05 0:51
Cristiano Digiacinto 0 0 0 0 0 2 1 1 0 0 0/0 10:02 0:00 1:59
David Kase 0 0 0 0 0 1 1 0 1 0 1/1 8:03 0:00 0:00
Eeli Tolvanen 0 0 0 0 0 2 4 0 2 0 0/0 13:09 0:00 0:25
Filip Roos 0 1 1 1 0 1 0 0 0 1 0/0 16:06 0:00 0:56
Jake Bean 0 0 0 -1 15 2 1 2 1 0 0/0 14:23 1:01 0:00
Joonas Donskoi 0 0 0 0 0 0 4 0 0 0 1/1 13:34 0:00 1:19
Kailer Yamamoto 1 2 3 2 0 2 3 0 2 1 0/1 15:17 0:54 0:00
Marcus Bjork 0 0 0 2 0 1 1 0 0 0 0/0 19:56 0:58 2:32
Mason Marchment 0 0 0 0 0 0 2 0 0 1 0/0 19:03 1:05 0:00
Nicolas Roy 0 0 0 0 0 2 1 0 0 2 3/4 12:32 0:00 0:20
Vincent Desharnais 0 0 0 1 0 0 1 0 0 0 0/0 16:09 0:00 1:46
Wyatt Kalynuk 1 0 1 2 0 5 2 2 0 0 0/0 19:59 0:58 2:32
3 Stars
1 - Brett Howden (Uti)
2 - Kailer Yamamoto (Uti)
3 - Alexandre Texier (Uti)
Power Play
Rockets - 0 on 1 Attempt(s) - 0.00%
Comets - 0 on 1 Attempt(s) - 0.00%
Penalty Kill
Rockets - 1 on 1 Attempt(s) - 100.00%
- Score 0 goal in Penalty Kill
Comets - 1 on 1 Attempt(s) - 100.00%
- Score 0 goal in Penalty Kill
Team Stat
Rockets - Hits : 20 - Faceoff Wins : 23 - Blocked Shots : 7 - Penalty Minutes : 2
Comets - Hits : 30 - Faceoff Wins : 26 - Blocked Shots : 11 - Penalty Minutes : 15
Official
Referees : Wes McCauley and Kyle Rehman
Linesman : Travis Gawryletz and Matt MacPherson
Game Notes
Jake Bean (Uti) for Unsportsmanlike conduct (Major / Game Misconduct) at 1:07
Jake Bean ejected from game at 1:07 of 3rd period
Finance
Level 1 -- Attendance: 1777 (88.85%) -- Ticket Income $124,390
Level 2 -- Attendance: 883 (88.30%) -- Ticket Income $35,320
Total Attendance: 2660 (88.67%)
Total Ticket Income: $159,710
Other Income: $7,986
Total Income: $167,696
Rockets
5 vs 5 Forward
Center Left Wing Right Wing Time % Phy DF OF
1 Jake Evans Trevor Zegras Cole Caufield 35 1 2 2
2 Jesperi Kotkaniemi Lucas Raymond Robert Thomas 30 1 2 2
3 Kirby Dach Alex Newhook Mason Appleton 20 1 2 2
4 Anders Bjork John-Jason Peterka Matthew Rempe 15 1 2 2
5 vs 5 Defense
Defense Defense Time % Phy DF OF
1 Thomas Harley Noah Dobson 40 1 2 2
2 Martin Fehervary Kaiden Guhle 40 1 2 2
3 Arber Xhekaj Jayden Struble 15 2 2 1
4 Dennis Gilbert Arber Xhekaj 5 1 2 2
PowerPlay Forward
Center Left Wing Right Wing Time % Phy DF OF
1 Robert Thomas Trevor Zegras Cole Caufield 70 1 2 2
2 Alex Newhook John-Jason Peterka Mason Appleton 30 1 2 2
PowerPlay Defense
Defense Defense Time % Phy DF OF
1 Thomas Harley Lucas Raymond 60 1 2 2
2 Martin Fehervary Noah Dobson 40 1 2 2
Penalty Kill 4 Players Forward
Center Wing Time % Phy DF OF
1 Jesperi Kotkaniemi Anders Bjork 60 1 2 2
2 Jake Evans Mason Appleton 40 1 2 2
Penalty Kill 4 Players Defense
Defense Defense Time % Phy DF OF
1 Dennis Gilbert Noah Dobson 60 1 2 2
2 Martin Fehervary Arber Xhekaj 40 1 2 2
Penalty Kill - 3 Players Forward
Forward Time % Phy DF OF
1 Jesperi Kotkaniemi 60 1 2 2
2 Jake Evans 40 1 2 2
Penalty Kill - 3 Players Defense
Defense Defense Time % Phy DF OF
1 Dennis Gilbert Noah Dobson 60 1 2 2
2 Martin Fehervary Arber Xhekaj 40 1 2 2
4 vs 4 Forward
Center Wing Time % Phy DF OF
1 Jake Evans Trevor Zegras 60 1 2 2
2 Jesperi Kotkaniemi Anders Bjork 40 1 2 2
4 vs 4 Defense
Defense Defense Time % Phy DF OF
1 Dennis Gilbert Thomas Harley 60 1 2 2
2 Martin Fehervary Noah Dobson 40 1 2 2
Last Minutes Offensive
Center Left Wing Right Wing Defense Defense
Jake Evans Trevor Zegras Robert Thomas Thomas Harley Martin Fehervary
Last Minutes Defensive
Center Left Wing Right Wing Defense Defense
Jake Evans Trevor Zegras Robert Thomas Dennis Gilbert Noah Dobson
Goaltenders
Starting : Connor Hellebyuk
Backup : Jakub Dobes
Extra Forwards
Normal : Trevor Zegras, Anders Bjork, Jake Evans - PP : Kirby Dach, Anders Bjork - PK : Trevor Zegras
Extra Defensemen
Normal : Noah Dobson, Kaiden Guhle, Jayden Struble - PP : Noah Dobson - PK : Kaiden Guhle, Jayden Struble
Penalty Shots
Lucas Raymond, Trevor Zegras, Alex Newhook, Cole Caufield, Anders Bjork
Custom OT Lines Forwards
Robert Thomas, Mason Appleton, Jake Evans, Trevor Zegras, Anders Bjork, Jesperi Kotkaniemi, Lucas Raymond, Alex Newhook, Cole Caufield, John-Jason Peterka
Custom OT Lines Defensemen
Dennis Gilbert, Noah Dobson, Martin Fehervary, Thomas Harley, Arber Xhekaj
Scratches
Adam Wilsby (Healthy), Mavrik Bourque (Healthy), Gustav Forsling (Healthy), Michael McCarron (Healthy), Hunter Drew (Healthy)
William Bitten (Healthy), Cole Koepke (Healthy), Zachary Gallant (Healthy), Joey Daccord (Healthy)
Comets
5 vs 5 Forward
Center Left Wing Right Wing Time % Phy DF OF
1 Brett Seney Mason Marchment Conor Garland 40 0 2 3
2 Brett Howden Alexandre Texier Kailer Yamamoto 30 0 2 3
3 Nicolas Roy Eeli Tolvanen Joonas Donskoi 20 0 2 3
4 Alex Turcotte Cristiano Digiacinto David Kase 10 0 3 2
5 vs 5 Defense
Defense Defense Time % Phy DF OF
1 Christian Wolanin Jake Bean 36 0 3 2
2 Wyatt Kalynuk Marcus Bjork 30 0 4 1
3 Vincent Desharnais Filip Roos 24 0 4 1
4 Ben Meehan Christian Wolanin 10 0 3 2
PowerPlay Forward
Center Left Wing Right Wing Time % Phy DF OF
1 Brett Seney Mason Marchment Conor Garland 60 1 0 4
2 Brett Howden Alexandre Texier Kailer Yamamoto 40 1 0 4
PowerPlay Defense
Defense Defense Time % Phy DF OF
1 Christian Wolanin Jake Bean 60 0 2 3
2 Wyatt Kalynuk Marcus Bjork 40 0 2 3
Penalty Kill 4 Players Forward
Center Wing Time % Phy DF OF
1 Brett Howden Cristiano Digiacinto 60 1 3 1
2 Brett Seney Conor Garland 40 1 3 1
Penalty Kill 4 Players Defense
Defense Defense Time % Phy DF OF
1 Wyatt Kalynuk Marcus Bjork 60 1 4 0
2 Jake Bean Vincent Desharnais 40 1 4 0
Penalty Kill - 3 Players Forward
Forward Time % Phy DF OF
1 Brett Howden 60 1 3 1
2 Cristiano Digiacinto 40 1 3 1
Penalty Kill - 3 Players Defense
Defense Defense Time % Phy DF OF
1 Wyatt Kalynuk Marcus Bjork 60 1 4 0
2 Jake Bean Vincent Desharnais 40 1 4 0
4 vs 4 Forward
Center Wing Time % Phy DF OF
1 Brett Seney Conor Garland 60 0 2 3
2 Brett Howden Alexandre Texier 40 0 2 3
4 vs 4 Defense
Defense Defense Time % Phy DF OF
1 Christian Wolanin Jake Bean 60 1 3 1
2 Wyatt Kalynuk Marcus Bjork 40 1 3 1
Last Minutes Offensive
Center Left Wing Right Wing Defense Defense
Brett Seney Mason Marchment Conor Garland Christian Wolanin Jake Bean
Last Minutes Defensive
Center Left Wing Right Wing Defense Defense
Brett Howden Cristiano Digiacinto Conor Garland Christian Wolanin Jake Bean
Goaltenders
Starting : Ukko-Pekka Luukkonen
Backup : Akira Schmid
Extra Forwards
Normal : Eeli Tolvanen, Alex Turcotte, Joonas Donskoi - PP : Eeli Tolvanen, Joonas Donskoi - PK : Joonas Donskoi
Extra Defensemen
Normal : Ben Meehan, Filip Roos, Vincent Desharnais - PP : Filip Roos - PK : Christian Wolanin, Filip Roos
Penalty Shots
Kailer Yamamoto, Alexandre Texier, Brett Seney, Joonas Donskoi, Eeli Tolvanen
Custom OT Lines Forwards
Conor Garland, Brett Seney, Kailer Yamamoto, Alexandre Texier, Brett Howden, Joonas Donskoi, Mason Marchment, Cristiano Digiacinto, Eeli Tolvanen, Nicolas Roy
Custom OT Lines Defensemen
Christian Wolanin, Jake Bean, Wyatt Kalynuk, Marcus Bjork, Vincent Desharnais
Scratches
Cross Hanas (Healthy), Daniel Torgersson (Healthy), Nikita Nesterenko (Healthy), Graeme Clarke (Healthy), Matthew Thiessen (Healthy)
% Time on Ice - Rockets
Lines # - Real PCT - Wanted PCT - Time Play
Normal Forward
1 - 33% - 35% - 17:27
2 - 27% - 30% - 14:28
3 - 22% - 20% - 11:28
4 - 18% - 15% - 9:39
Normal Defense
1 - 36% - 40% - 18:59
2 - 36% - 40% - 19:03
3 - 19% - 15% - 9:54
4 - 10% - 5% - 5:06
PP Forward
1 - 67% - 70% - 3:20
2 - 33% - 30% - 1:39
PP Defense
1 - 45% - 60% - 2:14
2 - 55% - 40% - 2:45
PK Forward
1 - 87% - 60% - 1:43
2 - 13% - 40% - 0:16
PK Defense
1 - 67% - 60% - 1:20
2 - 33% - 40% - 0:39
PK3 Forward
1 - 0% - 60%
2 - 0% - 40%
PK3 Defense
1 - 0% - 60%
2 - 0% - 40%
44 Forward
1 - 0% - 60%
2 - 0% - 40%
44 Defense
1 - 0% - 60%
2 - 0% - 40%
Last Minute Offensive - 0:00
Last Minute Defensive - 0:00
Total
Forward - 60:00
Defense - 60:00
|
% Time on Ice - Comets
Lines # - Real PCT - Wanted PCT - Time Play
Normal Forward
1 - 35% - 40% - 18:24
2 - 27% - 30% - 14:23
3 - 23% - 20% - 12:12
4 - 15% - 10% - 8:03
Normal Defense
1 - 38% - 36% - 19:57
2 - 31% - 30% - 16:14
3 - 24% - 24% - 12:49
4 - 8% - 10% - 4:02
PP Forward
1 - 55% - 60% - 1:05
2 - 45% - 40% - 0:54
PP Defense
1 - 51% - 60% - 1:01
2 - 49% - 40% - 0:58
PK Forward
1 - 83% - 60% - 4:08
2 - 17% - 40% - 0:51
PK Defense
1 - 51% - 60% - 2:32
2 - 49% - 40% - 2:27
PK3 Forward
1 - 0% - 60%
2 - 0% - 40%
PK3 Defense
1 - 0% - 60%
2 - 0% - 40%
44 Forward
1 - 0% - 60%
2 - 0% - 40%
44 Defense
1 - 0% - 60%
2 - 0% - 40%
Last Minute Offensive - 0:00
Last Minute Defensive - 0:00
Total
Forward - 60:00
Defense - 60:00
|
Play-by-Play
1st period
0:01 of 1st period - Jake Evans wins face-off versus Brett Seney in neutral zone.
0:08 of 1st period - Snap shot by Trevor Zegras.
0:08 of 1st period - Shot Hit the Post.
0:25 of 1st period - Jesperi Kotkaniemi is hit by Kailer Yamamoto and loses puck.
0:59 of 1st period - Wyatt Kalynuk is hit by Alex Newhook and loses puck.
1:37 of 1st period - Slapshot by Conor Garland.
1:37 of 1st period - Stopped by Connor Hellebyuk with a rebound.
2:01 of 1st period - Wrist shot by Robert Thomas.
2:01 of 1st period - Shot Misses the Net.
2:03 of 1st period - Slapshot by Lucas Raymond.
2:03 of 1st period - Shot Misses the Net.
2:15 of 1st period - Kirby Dach is hit by Joonas Donskoi and loses puck.
2:54 of 1st period - Slapshot by Trevor Zegras.
2:54 of 1st period - Stopped by Ukko-Pekka Luukkonen without a rebound.
2:55 of 1st period - Brett Howden wins face-off versus Cole Caufield in Comets zone.
3:26 of 1st period - Snap shot by Brett Seney.
3:26 of 1st period - Shot Misses the Net.
3:28 of 1st period - Snap shot by Wyatt Kalynuk.
3:28 of 1st period - Goal by Wyatt Kalynuk - Rockets : 0 - Comets : 1.
3:29 of 1st period - Brett Seney wins face-off versus Jesperi Kotkaniemi in neutral zone.
3:55 of 1st period - Dennis Gilbert is hit by Kailer Yamamoto and loses puck.
4:06 of 1st period - Wrist shot by Kailer Yamamoto.
4:06 of 1st period - Deflect By Alexandre Texier.
4:06 of 1st period - Shot Misses the Net.
4:06 of 1st period - Puck is out of play.
4:07 of 1st period - Kirby Dach wins face-off versus Nicolas Roy in Rockets zone.
4:41 of 1st period - Snap shot by Brett Seney.
4:41 of 1st period - Shot Blocked by Jesperi Kotkaniemi.
4:43 of 1st period - Slapshot by Mason Marchment.
4:43 of 1st period - Deflect By Brett Seney.
4:43 of 1st period - Shot Misses the Net.
4:43 of 1st period - Puck is out of play.
4:44 of 1st period - Conor Garland wins face-off versus Jake Evans in Rockets zone.
4:59 of 1st period - Jake Evans is hit by Conor Garland.
5:34 of 1st period - Wrist shot by Anders Bjork.
5:34 of 1st period - Stopped by Ukko-Pekka Luukkonen without a rebound.
5:35 of 1st period - Joonas Donskoi wins face-off versus Jake Evans in Comets zone.
5:35 of 1st period - Joonas Donskoi is hit by Noah Dobson.
5:43 of 1st period - Eeli Tolvanen is hit by Thomas Harley.
5:49 of 1st period - Slapshot by Trevor Zegras.
5:49 of 1st period - Shot Blocked by Wyatt Kalynuk.
6:01 of 1st period - Robert Thomas is hit by Wyatt Kalynuk and loses puck.
6:42 of 1st period - Kaiden Guhle is hit by Alex Turcotte and loses puck.
8:31 of 1st period - Snap shot by Cole Caufield.
8:31 of 1st period - Shot Misses the Net.
8:33 of 1st period - Slapshot by Trevor Zegras.
8:33 of 1st period - Shot Blocked by Jake Bean.
8:37 of 1st period - Slapshot by Trevor Zegras.
8:37 of 1st period - Shot Blocked by Christian Wolanin.
8:57 of 1st period - Backhand shot by Brett Howden.
8:57 of 1st period - Shot Misses the Net.
8:59 of 1st period - Slapshot by Jake Bean.
8:59 of 1st period - Stopped by Connor Hellebyuk with a rebound.
9:01 of 1st period - Wrist shot by Brett Howden.
9:01 of 1st period - Shot Misses the Net.
9:11 of 1st period - Thomas Harley is hit by Joonas Donskoi.
9:57 of 1st period - Wrist shot by Trevor Zegras.
9:57 of 1st period - Stopped by Ukko-Pekka Luukkonen without a rebound.
9:58 of 1st period - Jake Evans wins face-off versus Brett Howden in Comets zone.
10:34 of 1st period - Snap shot by Brett Howden.
10:34 of 1st period - Stopped by Connor Hellebyuk with a rebound.
10:36 of 1st period - Snap shot by Filip Roos.
10:36 of 1st period - Stopped by Connor Hellebyuk with a rebound.
10:38 of 1st period - Slapshot by Filip Roos.
10:38 of 1st period - Shot Blocked by Alex Newhook.
10:44 of 1st period - Snap shot by Brett Howden.
10:44 of 1st period - Shot Blocked by Kirby Dach.
10:46 of 1st period - Slapshot by Filip Roos.
10:46 of 1st period - Shot Misses the Net.
10:48 of 1st period - Slapshot by Kailer Yamamoto.
10:48 of 1st period - Goal by Kailer Yamamoto - Rockets : 0 - Comets : 2.
10:49 of 1st period - Jake Evans wins face-off versus Brett Seney in neutral zone.
10:56 of 1st period - Wrist shot by Jake Evans.
10:56 of 1st period - Stopped by Ukko-Pekka Luukkonen without a rebound.
10:57 of 1st period - Brett Seney wins face-off versus Jake Evans in Comets zone.
11:22 of 1st period - Conor Garland is hit by Cole Caufield and loses puck.
11:41 of 1st period - Snap shot by Brett Seney.
11:41 of 1st period - Shot Blocked by Jake Evans.
12:03 of 1st period - Snap shot by Conor Garland.
12:03 of 1st period - Shot Blocked by Kaiden Guhle.
12:05 of 1st period - Snap shot by Conor Garland.
12:05 of 1st period - Stopped by Connor Hellebyuk without a rebound.
12:06 of 1st period - Jesperi Kotkaniemi wins face-off versus Brett Howden in Rockets zone.
12:43 of 1st period - Snap shot by Lucas Raymond.
12:43 of 1st period - Stopped by Ukko-Pekka Luukkonen with a rebound.
12:45 of 1st period - Wrist shot by Noah Dobson.
12:45 of 1st period - Stopped by Ukko-Pekka Luukkonen without a rebound.
12:46 of 1st period - Nicolas Roy wins face-off versus Anders Bjork in Comets zone.
12:51 of 1st period - Matthew Rempe is hit by Eeli Tolvanen and loses puck.
13:02 of 1st period - Snap shot by Nicolas Roy.
13:02 of 1st period - Stopped by Connor Hellebyuk without a rebound.
13:03 of 1st period - Alexandre Texier wins face-off versus Kirby Dach in Rockets zone.
13:15 of 1st period - Snap shot by Brett Howden.
13:15 of 1st period - Shot Misses the Net.
13:19 of 1st period - Snap shot by Alexandre Texier.
13:19 of 1st period - Shot Blocked by Noah Dobson.
14:09 of 1st period - Wrist shot by Jake Evans.
14:09 of 1st period - Shot Blocked by Cristiano Digiacinto.
14:11 of 1st period - Slapshot by Kaiden Guhle.
14:11 of 1st period - Stopped by Ukko-Pekka Luukkonen with a rebound.
14:13 of 1st period - Wrist shot by Anders Bjork.
14:13 of 1st period - Stopped by Ukko-Pekka Luukkonen without a rebound.
14:14 of 1st period - Brett Seney wins face-off versus Anders Bjork in Comets zone.
14:14 of 1st period - Brett Seney is hit by Matthew Rempe.
14:24 of 1st period - Martin Fehervary is hit by Conor Garland and loses puck.
14:33 of 1st period - Conor Garland is hit by Martin Fehervary and loses puck.
14:58 of 1st period - Conor Garland is hit by Matthew Rempe and loses puck.
15:35 of 1st period - Snap shot by Brett Seney.
15:35 of 1st period - Deflect By Anders Bjork.
15:35 of 1st period - Stopped by Connor Hellebyuk without a rebound.
15:36 of 1st period - Alexandre Texier wins face-off versus Jake Evans in Rockets zone.
15:49 of 1st period - Slapshot by Brett Howden.
15:49 of 1st period - Goal by Brett Howden - Rockets : 0 - Comets : 3.
15:50 of 1st period - Jesperi Kotkaniemi wins face-off versus Brett Howden in neutral zone.
16:16 of 1st period - Wyatt Kalynuk is hit by Kirby Dach and loses puck.
16:24 of 1st period - Icing by Joonas Donskoi.
16:25 of 1st period - Nicolas Roy wins face-off versus Jake Evans in Comets zone.
16:38 of 1st period - Backhand shot by Eeli Tolvanen.
16:38 of 1st period - Stopped by Connor Hellebyuk without a rebound.
16:39 of 1st period - Jesperi Kotkaniemi wins face-off versus Brett Howden in Rockets zone.
17:10 of 1st period - Noah Dobson is hit by Eeli Tolvanen and loses puck.
17:49 of 1st period - Snap shot by Anders Bjork.
17:49 of 1st period - Stopped by Ukko-Pekka Luukkonen without a rebound.
17:50 of 1st period - Anders Bjork wins face-off versus Brett Seney in Comets zone.
18:05 of 1st period - Wrist shot by Anders Bjork.
18:05 of 1st period - Stopped by Ukko-Pekka Luukkonen without a rebound.
18:06 of 1st period - Jake Evans wins face-off versus Kailer Yamamoto in Comets zone.
18:21 of 1st period - Slapshot by Alexandre Texier.
18:21 of 1st period - Shot Misses the Net.
18:23 of 1st period - Slapshot by Jake Bean.
18:23 of 1st period - Deflect By Martin Fehervary.
18:23 of 1st period - Stopped by Connor Hellebyuk with a rebound.
18:43 of 1st period - Snap shot by Robert Thomas.
18:43 of 1st period - Shot Misses the Net.
19:15 of 1st period - Snap shot by Alex Newhook.
19:15 of 1st period - Stopped by Ukko-Pekka Luukkonen without a rebound.
19:16 of 1st period - David Kase wins face-off versus Anders Bjork in Comets zone.
19:16 of 1st period - David Kase is hit by Matthew Rempe.
19:30 of 1st period - Snap shot by David Kase.
19:30 of 1st period - Stopped by Connor Hellebyuk with a rebound.
19:32 of 1st period - Snap shot by Wyatt Kalynuk.
19:32 of 1st period - Stopped by Connor Hellebyuk with a rebound.
19:41 of 1st period - Off-side.
19:42 of 1st period - Brett Seney wins face-off versus Jake Evans in neutral zone.
Goals for this period are 0 for Rockets vs 3 for Comets.
Shots for this period are 11 for Rockets vs 14 for Comets.
2nd period
0:01 of 2nd period - Alexandre Texier wins face-off versus Jesperi Kotkaniemi in neutral zone.
0:56 of 2nd period - Slapshot by Alex Newhook.
0:56 of 2nd period - Shot Misses the Net.
1:08 of 2nd period - Anders Bjork is hit by David Kase and loses puck.
1:19 of 2nd period - Snap shot by Cristiano Digiacinto.
1:19 of 2nd period - Stopped by Connor Hellebyuk without a rebound.
1:20 of 2nd period - Jesperi Kotkaniemi wins face-off versus Brett Howden in Rockets zone.
1:26 of 2nd period - Slapshot by Brett Howden.
1:26 of 2nd period - Stopped by Connor Hellebyuk with a rebound.
1:28 of 2nd period - Snap shot by Kailer Yamamoto.
1:28 of 2nd period - Stopped by Connor Hellebyuk without a rebound.
1:29 of 2nd period - Brett Howden wins face-off versus Lucas Raymond in Rockets zone.
1:35 of 2nd period - Off-side.
1:36 of 2nd period - Brett Howden wins face-off versus Jake Evans in neutral zone.
1:51 of 2nd period - Snap shot by Alexandre Texier.
1:51 of 2nd period - Shot Misses the Net.
1:53 of 2nd period - Snap shot by Christian Wolanin.
1:53 of 2nd period - Shot Misses the Net.
2:08 of 2nd period - Snap shot by Conor Garland.
2:08 of 2nd period - Stopped by Connor Hellebyuk with a rebound.
2:10 of 2nd period - Slapshot by Wyatt Kalynuk.
2:10 of 2nd period - Deflect By Noah Dobson.
2:10 of 2nd period - Stopped by Connor Hellebyuk with a rebound.
2:12 of 2nd period - Slapshot by Marcus Bjork.
2:12 of 2nd period - Stopped by Connor Hellebyuk with a rebound.
2:26 of 2nd period - Alex Newhook is hit by Marcus Bjork and loses puck.
2:49 of 2nd period - Wrist shot by Anders Bjork.
2:49 of 2nd period - Shot Misses the Net.
2:51 of 2nd period - Slapshot by Martin Fehervary.
2:51 of 2nd period - Stopped by Ukko-Pekka Luukkonen with a rebound.
2:53 of 2nd period - Backhand shot by Martin Fehervary.
2:53 of 2nd period - Shot Blocked by Wyatt Kalynuk.
2:55 of 2nd period - Snap shot by Kaiden Guhle.
2:55 of 2nd period - Shot Misses the Net.
3:08 of 2nd period - Off-side.
3:09 of 2nd period - Brett Howden wins face-off versus Jake Evans in neutral zone.
3:42 of 2nd period - Snap shot by Alexandre Texier.
3:42 of 2nd period - Goal by Alexandre Texier - Rockets : 0 - Comets : 4.
3:43 of 2nd period - Jesperi Kotkaniemi wins face-off versus Brett Seney in neutral zone.
3:48 of 2nd period - Snap shot by Robert Thomas.
3:48 of 2nd period - Shot Blocked by Christian Wolanin.
3:50 of 2nd period - Snap shot by Lucas Raymond.
3:50 of 2nd period - Shot Blocked by Jake Bean.
3:52 of 2nd period - Wrist shot by Robert Thomas.
3:52 of 2nd period - Stopped by Ukko-Pekka Luukkonen with a rebound.
4:16 of 2nd period - Thomas Harley is hit by Brett Howden and loses puck.
4:29 of 2nd period - Snap shot by Alexandre Texier.
4:29 of 2nd period - Shot Misses the Net.
4:54 of 2nd period - Off-side.
4:55 of 2nd period - Jesperi Kotkaniemi wins face-off versus Brett Seney in neutral zone.
5:02 of 2nd period - Conor Garland is hit by Kaiden Guhle and loses puck.
5:07 of 2nd period - Wrist shot by Robert Thomas.
5:07 of 2nd period - Stopped by Ukko-Pekka Luukkonen without a rebound.
5:08 of 2nd period - Jesperi Kotkaniemi wins face-off versus Brett Seney in Comets zone.
5:09 of 2nd period - Snap shot by Lucas Raymond.
5:09 of 2nd period - Shot Misses the Net.
5:11 of 2nd period - Snap shot by Lucas Raymond.
5:11 of 2nd period - Goal by Lucas Raymond - Rockets : 1 - Comets : 4.
5:12 of 2nd period - Brett Seney wins face-off versus Jesperi Kotkaniemi in neutral zone.
5:17 of 2nd period - Jesperi Kotkaniemi is hit by Mason Marchment and loses puck.
5:38 of 2nd period - Jake Evans is hit by Alexandre Texier and loses puck.
5:59 of 2nd period - Wrist shot by David Kase.
5:59 of 2nd period - Shot Hit the Post.
6:01 of 2nd period - Snap shot by Alex Turcotte.
6:01 of 2nd period - Shot Misses the Net.
6:29 of 2nd period - Alex Newhook is hit by Nicolas Roy and loses puck.
6:44 of 2nd period - Wrist shot by Kailer Yamamoto.
6:44 of 2nd period - Shot Misses the Net.
6:46 of 2nd period - Snap shot by Alexandre Texier.
6:46 of 2nd period - Shot Misses the Net.
6:52 of 2nd period - Slapshot by Alexandre Texier.
6:52 of 2nd period - Stopped by Connor Hellebyuk with a rebound.
7:14 of 2nd period - Off-side.
7:15 of 2nd period - Nicolas Roy wins face-off versus Jesperi Kotkaniemi in neutral zone.
8:03 of 2nd period - Snap shot by Jake Evans.
8:03 of 2nd period - Shot Blocked by Brett Seney.
8:05 of 2nd period - Snap shot by Cole Caufield.
8:05 of 2nd period - Stopped by Ukko-Pekka Luukkonen without a rebound.
8:06 of 2nd period - Alexandre Texier wins face-off versus Jake Evans in Comets zone.
8:35 of 2nd period - Snap shot by Trevor Zegras.
8:35 of 2nd period - Goal by Trevor Zegras - Rockets : 2 - Comets : 4.
8:36 of 2nd period - Jesperi Kotkaniemi wins face-off versus Brett Seney in neutral zone.
9:08 of 2nd period - Slapshot by Alex Newhook.
9:08 of 2nd period - Shot Misses the Net.
9:10 of 2nd period - Slapshot by Kaiden Guhle.
9:10 of 2nd period - Stopped by Ukko-Pekka Luukkonen with a rebound.
10:00 of 2nd period - Matthew Rempe is hit by Eeli Tolvanen and loses puck.
10:32 of 2nd period - Icing by Dennis Gilbert.
10:33 of 2nd period - Brett Howden wins face-off versus Mason Appleton in Rockets zone.
11:02 of 2nd period - Snap shot by Mason Appleton.
11:02 of 2nd period - Stopped by Ukko-Pekka Luukkonen with a rebound.
12:06 of 2nd period - Filip Roos is hit by Kaiden Guhle and loses puck.
12:13 of 2nd period - Kirby Dach is hit by Alex Turcotte.
12:23 of 2nd period - Wrist shot by Brett Seney.
12:23 of 2nd period - Stopped by Connor Hellebyuk with a rebound.
12:33 of 2nd period - Snap shot by Lucas Raymond.
12:33 of 2nd period - Stopped by Ukko-Pekka Luukkonen with a rebound.
12:49 of 2nd period - Wrist shot by Eeli Tolvanen.
12:49 of 2nd period - Stopped by Connor Hellebyuk with a rebound.
13:05 of 2nd period - Christian Wolanin is hit by Anders Bjork.
14:02 of 2nd period - Kaiden Guhle is hit by Kailer Yamamoto and loses puck.
14:32 of 2nd period - Off-side.
14:33 of 2nd period - Brett Seney wins face-off versus Kirby Dach in neutral zone.
14:42 of 2nd period - Snap shot by Conor Garland.
14:42 of 2nd period - Stopped by Connor Hellebyuk with a rebound.
14:46 of 2nd period - Backhand shot by Brett Seney.
14:46 of 2nd period - Stopped by Connor Hellebyuk without a rebound.
14:47 of 2nd period - Jake Evans wins face-off versus Brett Seney in Rockets zone.
14:49 of 2nd period - Minor Penalty to Thomas Harley for Tripping.
14:50 of 2nd period - Brett Seney wins face-off versus Jesperi Kotkaniemi in Rockets zone.
14:50 of 2nd period - Slapshot by Conor Garland.
14:50 of 2nd period - Stopped by Connor Hellebyuk with a rebound.
14:52 of 2nd period - Wrist shot by Christian Wolanin.
14:52 of 2nd period - Stopped by Connor Hellebyuk without a rebound.
14:53 of 2nd period - Brett Seney wins face-off versus Jesperi Kotkaniemi in Rockets zone.
16:36 of 2nd period - Noah Dobson is hit by Brett Howden and loses puck.
16:49 of 2nd period - Penalty to Thomas Harley is over, Thomas Harley is back on ice.
18:09 of 2nd period - Arber Xhekaj is hit by Joonas Donskoi and loses puck.
19:22 of 2nd period - Wrist shot by Trevor Zegras.
19:22 of 2nd period - Shot Misses the Net.
19:36 of 2nd period - Alex Turcotte is hit by Robert Thomas and loses puck.
19:51 of 2nd period - Cristiano Digiacinto is hit by Alex Newhook and loses puck.
Goals for this period are 2 for Rockets vs 1 for Comets.
Shots for this period are 9 for Rockets vs 14 for Comets.
3rd period
0:01 of 3rd period - Jake Evans wins face-off versus Brett Seney in neutral zone.
0:06 of 3rd period - Christian Wolanin is hit by Cole Caufield and loses puck.
0:15 of 3rd period - Snap shot by Trevor Zegras.
0:15 of 3rd period - Stopped by Ukko-Pekka Luukkonen without a rebound.
0:16 of 3rd period - Brett Howden wins face-off versus Jesperi Kotkaniemi in Comets zone.
0:23 of 3rd period - Robert Thomas is hit by Jake Bean and loses puck.
0:52 of 3rd period - Icing by Brett Seney.
0:53 of 3rd period - Jake Evans wins face-off versus Brett Seney in Comets zone.
1:00 of 3rd period - Snap shot by Jake Evans.
1:00 of 3rd period - Stopped by Ukko-Pekka Luukkonen without a rebound.
1:01 of 3rd period - Jake Evans wins face-off versus Brett Seney in Comets zone.
1:07 of 3rd period - Major / Game Misconduct Penalty to Jake Bean for Unsportsmanlike conduct.
1:07 of 3rd period - Jake Bean is ejected from game.
1:08 of 3rd period - Robert Thomas wins face-off versus Brett Howden in Comets zone.
1:21 of 3rd period - Off-side.
1:22 of 3rd period - Robert Thomas wins face-off versus Brett Howden in neutral zone.
1:25 of 3rd period - Slapshot by Lucas Raymond.
1:25 of 3rd period - Stopped by Ukko-Pekka Luukkonen with a rebound.
1:27 of 3rd period - Snap shot by Lucas Raymond.
1:27 of 3rd period - Stopped by Ukko-Pekka Luukkonen with a rebound.
1:29 of 3rd period - Slapshot by Trevor Zegras.
1:29 of 3rd period - Stopped by Ukko-Pekka Luukkonen with a rebound.
2:31 of 3rd period - Christian Wolanin is hit by Lucas Raymond and loses puck.
6:07 of 3rd period - Penalty to Jake Bean is over, Conor Garland is send on ice.
7:06 of 3rd period - Slapshot by Filip Roos.
7:06 of 3rd period - Deflect By Cristiano Digiacinto.
7:06 of 3rd period - Stopped by Connor Hellebyuk with a rebound.
7:27 of 3rd period - Alexandre Texier is hit by Jesperi Kotkaniemi and loses puck.
8:25 of 3rd period - Robert Thomas is hit by Wyatt Kalynuk.
8:55 of 3rd period - Trevor Zegras is hit by Cristiano Digiacinto and loses puck.
11:03 of 3rd period - Jake Evans is hit by Mason Marchment and loses puck.
11:34 of 3rd period - Kailer Yamamoto is hit by Noah Dobson and loses puck.
12:55 of 3rd period - Christian Wolanin is hit by Matthew Rempe and loses puck.
13:29 of 3rd period - Off-side.
13:30 of 3rd period - Jesperi Kotkaniemi wins face-off versus Brett Seney in neutral zone.
13:33 of 3rd period - Snap shot by Lucas Raymond.
13:33 of 3rd period - Shot Blocked by Christian Wolanin.
13:35 of 3rd period - Backhand shot by Jesperi Kotkaniemi.
13:35 of 3rd period - Shot Blocked by Brett Seney.
13:43 of 3rd period - Martin Fehervary is hit by Christian Wolanin and loses puck.
14:29 of 3rd period - Arber Xhekaj is hit by Eeli Tolvanen and loses puck.
14:43 of 3rd period - Cole Caufield is hit by Joonas Donskoi and loses puck.
15:19 of 3rd period - Snap shot by Nicolas Roy.
15:19 of 3rd period - Shot Misses the Net.
15:21 of 3rd period - Wrist shot by Wyatt Kalynuk.
15:21 of 3rd period - Deflect By Trevor Zegras.
15:21 of 3rd period - Stopped by Connor Hellebyuk with a rebound.
15:23 of 3rd period - Snap shot by Eeli Tolvanen.
15:23 of 3rd period - Shot Blocked by Noah Dobson.
15:25 of 3rd period - Slapshot by Wyatt Kalynuk.
15:25 of 3rd period - Stopped by Connor Hellebyuk with a rebound.
15:27 of 3rd period - Wrist shot by Eeli Tolvanen.
15:27 of 3rd period - Deflect By Nicolas Roy.
15:27 of 3rd period - Stopped by Connor Hellebyuk without a rebound.
15:28 of 3rd period - Kirby Dach wins face-off versus Brett Seney in Rockets zone.
15:53 of 3rd period - Martin Fehervary is hit by Brett Howden and loses puck.
16:16 of 3rd period - Snap shot by Anders Bjork.
16:16 of 3rd period - Shot Blocked by Christian Wolanin.
16:18 of 3rd period - Slapshot by Kaiden Guhle.
16:18 of 3rd period - Stopped by Ukko-Pekka Luukkonen without a rebound.
16:19 of 3rd period - Brett Seney wins face-off versus Anders Bjork in Comets zone.
16:44 of 3rd period - Vincent Desharnais is hit by Kirby Dach and loses puck.
16:53 of 3rd period - Snap shot by Kailer Yamamoto.
16:53 of 3rd period - Shot Misses the Net.
17:58 of 3rd period - Icing by Lucas Raymond.
17:59 of 3rd period - Brett Howden wins face-off versus Jesperi Kotkaniemi in Rockets zone.
18:26 of 3rd period - Alex Newhook is hit by Vincent Desharnais and loses puck.
19:29 of 3rd period - Icing by Conor Garland.
19:30 of 3rd period - Jake Evans wins face-off versus Brett Seney in Comets zone.
19:57 of 3rd period - Wrist shot by Anders Bjork.
19:57 of 3rd period - Shot Misses the Net.
Goals for this period are 0 for Rockets vs 0 for Comets.
Shots for this period are 6 for Rockets vs 4 for Comets.